 Dungeon Crawl Stone Soup version 0.26.1-11-gd32895ea62 (webtiles) character file.

Game seed: 3731877495404206851

1174 Arcadio the Ruffian (level 8, -9/68 HPs)
             Began as a Troll Arcane Marksman on May 20, 2021.
             Was a Follower of Uskayaw.
             Mangled by a freezing wraith (12 damage)
             ... on level 7 of the Dungeon.
             The game lasted 00:17:16 (3410 turns).

Arcadio the Ruffian (Troll Arcane Marksman)         Turns: 3410, Time: 00:17:17

Health: -9/68      AC:  7    Str: 20    XL:     8   Next: 18%
Magic:  8/8        EV: 11    Int: 10    God:    Uskayaw [*.....]
Gold:   307        SH:  0    Dex: 10    Spells: 4/9 levels left

rFire    + . .     SeeInvis .     - Unarmed
rCold    x . .     Faith    .   (no shield)
rNeg     . . .     Spirit   .   a - +1 robe
rPois    .         Reflect  .   (helmet restricted)
rElec    .         Harm     .   (no cloak)
rCorr    .         Rampage  .   (gloves unavailable)
Will     .....                  (boots unavailable)
Stlth    +.........             (no amulet)
HPRegen  0.61/turn              k - ring of fire
MPRegen  0.11/turn              (no ring)

@: slowed, very slow
A: large, unfitting armour, claws 3, regeneration 1, shaggy fur 1, tough skin 3
a: Renounce Religion, Stomp


You were on level 7 of the Dungeon.
You worshipped Uskayaw.
Uskayaw was noncommittal.
You visited 2 branches of the dungeon, and saw 8 of its levels.

You collected 367 gold pieces.
You spent 60 gold pieces at shops.

Inventory:

Missiles
 c - 3 large rocks (quivered)
 d - a throwing net
Armour
 a - a +1 robe (worn)
Magical Staves
 t - an uncursed staff of earth {unknown}
Jewellery
 k - a ring of fire (left claw)
Scrolls
 b - 2 scrolls of fear {unknown}
 g - 2 scrolls of enchant armour
 h - a scroll of blinking {unknown}
 j - a scroll of teleportation {unknown}
 l - a scroll of noise
 m - 2 scrolls of magic mapping {unknown}
 r - 2 scrolls of remove curse
Potions
 e - a potion of berserk rage {unknown}
 f - 2 potions of haste
 i - 2 potions of heal wounds
 n - a potion of experience {unknown}
 o - a potion of mutation {unknown}
 p - a potion of degeneration {unknown}
 q - 2 potions of lignification
 s - a potion of curing


   Skills:
 - Level 0.7 Fighting
 + Level 2.2 Throwing
 + Level 3.8 Dodging
 - Level 0.1 Stealth
 - Level 7.0 Unarmed Combat
 - Level 1.0 Spellcasting
 + Level 3.7 Hexes
 - Level 0.5 Ice Magic


You had 4 spell levels left.
You knew the following spells:

 Your Spells              Type           Power        Failure   Level
a - Corona                Hex            7%           8%          1
b - Slow                  Hex            7%           12%         2
c - Ensorcelled Hibernat  Hex/Ice        8%           22%         2

Your spell library contained the following spells:

 Spells                   Type           Power        Failure   Level
 Confusing Touch          Hex            7%           22%         3
 Tukima's Dance           Hex            7%           22%         3
 Beastly Appendage        Tmut           0%           34%         1
 Dazzling Flash           Conj/Hex       8%           43%         3
 Inner Flame              Hex/Fire       6%           43%         3
 Portal Projectile        Hex/Tloc       8%           43%         3
 Wereblood                Tmut           0%           45%         2
 Cause Fear               Hex            3%           58%         4
 Spider Form              Tmut/Pois      0%           71%         3
 Leda's Liquefaction      Hex/Erth       2%           85%         4
 Ice Form                 Ice/Tmut       1%           97%         4
 Blade Hands              Tmut           0%           100%        5


Dungeon Overview and Level Annotations

Branches:
Dungeon (8/15)             Temple (1/1) D:4
   Lair: D:8-11

Altars:
Ashenzari
Cheibriados
Dithmenos
Elyvilon
Fedhas
Kikubaaqudgha
Nemelex Xobeh
Okawaru
Trog
Uskayaw
Vehumet
Wu Jian
Xom
Zin
The Shining One

Shops:
D:4 *


Innate Abilities, Weirdness & Mutations

You are too large for most types of armour.
You have claws for hands.
Your natural rate of healing is unusually fast.
You are covered in fur. (AC +1)
You have extremely tough skin. (AC +3)


Message History

Okay, then.
The freezing wraith hits you but does no damage.
The freezing wraith closely misses you. The freezing wraith hits you.
The freezing wraith freezes you!!
You feel a terrible chill!
* * * LOW HITPOINT WARNING * * *
The freezing wraith hits you.
* * * LOW HITPOINT WARNING * * *
The freezing wraith drains your vigour!
You feel as though you will be slow longer.
The freezing wraith closely misses you.
The freezing wraith hits you but does no damage.
The freezing wraith closely misses you.
The freezing wraith hits you but does no damage.
The freezing wraith completely misses you.
The freezing wraith misses you. The freezing wraith hits you.
* * * LOW HITPOINT WARNING * * *
The freezing wraith freezes you!
You feel a terrible chill!
You die...

#♣ ♣. .♣ ♣♣. .
♣.♣♣ ♣. #♣...♣#
♣#.# #[#
#.##♣+♣##
##.#.##.#
#)#..<..#
#.#8#.†.+
#.'..8..+
#[#.##.#
#.#..>..#
#@#♣#.###.##♣+♣##
♣♣W♣♣#♣.).♣#
#♣.♣.♣#♣.♣♣♣
#.♣♣♣.#♣♣.
#♣.♣.♣# ♣. ♣♣.♣♣
♣♣ ###


You could see a freezing wraith.

Vanquished Creatures
  A phantom (D:8)
  An ogre (D:8)
  A centaur (D:5)
  3 scorpions
  A jelly (D:7)
  A hound (D:4)
  A centaur skeleton (D:4)
  2 orc priests
  A bullfrog skeleton (D:8)
  5 orc wizards
  Jessica (D:3)
  2 iguanas
  8 worker ants
  6 adders
  A shadow imp (D:5)
  2 white imps
  2 ufetubi
  An ooze (D:1)
  An adder skeleton (D:4)
  2 worms (D:3)
  3 leopard geckos
  20 orcs
  3 giant cockroaches
  5 hobgoblins
  A quokka (D:3)
  5 bats
  6 frilled lizards
  6 goblins
  6 kobolds
  3 rats
101 creatures vanquished.

Vanquished Creatures (others)
  An adder (D:3)
  A kobold (D:3)
  5 toadstools (D:1)
7 creatures vanquished.

Grand Total: 108 creatures vanquished

Notes
Turn   | Place    | Note
-------+----------+-------------------------------------------
     0 | D:1      | Arcadio the Troll Arcane Marksman began the quest for the
                  | Orb.
     0 | D:1      | Reached XP level 1. HP: 18/18 MP: 1/1
   273 | D:1      | Reached XP level 2. HP: 26/26 MP: 2/2
   782 | D:1      | Reached XP level 3. HP: 29/32 MP: 3/3
   897 | D:2      | You fall into a shaft and drop 1 floor!
   916 | D:3      | Reached skill level 1 in Unarmed Combat
   970 | D:3      | Found a bloodstained altar of Trog.
   974 | D:3      | Noticed Jessica
   992 | D:3      | Killed Jessica
  1152 | D:3      | Found a faded altar of an unknown god.
  1209 | D:3      | Reached XP level 4. HP: 39/40 MP: 1/4
  1256 | D:3      | Reached skill level 2 in Unarmed Combat
  1258 | D:3      | You fall into a shaft and drop 1 floor!
  1319 | D:3      | Found a radiant altar of Vehumet.
  1571 | D:3      | Reached XP level 5. HP: 30/46 MP: 2/5
  1674 | D:3      | Found a glowing silver altar of Zin.
  1719 | D:3      | Reached skill level 3 in Unarmed Combat
  1985 | D:4      | Found a sparkling altar of Nemelex Xobeh.
  1985 | D:4      | Found an iron altar of Okawaru.
  2050 | D:4      | Found a broken altar of Ashenzari.
  2128 | D:4      | Reached XP level 6. HP: 49/54 MP: 3/6
  2131 | D:4      | Learned a level 2 spell: Slow
  2134 | D:4      | Learned a level 2 spell: Ensorcelled Hibernation
  2143 | D:4      | Reached skill level 4 in Unarmed Combat
  2385 | D:4      | Found Syfy's General Store.
  2395 | D:4      | Bought a scroll of remove curse for 30 gold pieces
  2395 | D:4      | Bought a potion of curing for 30 gold pieces
  2414 | D:4      | Found a staircase to the Ecumenical Temple.
  2431 | D:4      | Reached skill level 5 in Unarmed Combat
  2431 | D:4      | Reached XP level 7. HP: 54/61 MP: 7/7
  2462 | Temple   | Entered the Ecumenical Temple
  2719 | Temple   | Became a worshipper of Uskayaw the Reveller
  2874 | D:5      | Entered Level 5 of the Dungeon
  2894 | D:5      | Reached * piety under Uskayaw
  2897 | D:5      | Reached ** piety under Uskayaw
  2919 | D:5      | Reached *** piety under Uskayaw
  2921 | D:5      | Reached **** piety under Uskayaw
  2964 | D:5      | Reached skill level 6 in Unarmed Combat
  3018 | D:5      | You fall into a shaft and drop 3 floors!
  3176 | D:8      | Reached XP level 8. HP: 67/68 MP: 8/8
  3186 | D:8      | Reached skill level 7 in Unarmed Combat
  3397 | D:7      | Noticed a freezing wraith
  3403 | D:7      | HP: 3/68 [freezing wraith (24)]
  3410 | D:7      | HP: 3/68 [freezing wraith (5)]
  3410 | D:7      | Mangled by a freezing wraith

Illustrated notes

Levels and vault maps discovered:
D:1:      ldierk_walled_garden, layout_basic, serial_glass, glass_columns_a,
          glass_columns_b, glass_columns_a, glass_columns_a,
          minmay_misc_feat_encased
D:2:      layout_basic, lemuel_round_altar, moated_statue, minmay_tall_x,
          uniq_natasha
D:3:      layout_basic, fiery_altar_vehumet, old_standard_altar, bloody_trog,
          chequers_ecumenical_altar_island, uniq_jessica
D:4:      layout_rooms, chequers_temple_overflow_statue_of_worship,
          minmay_temple_entry_crystal_x, serial_shops, shop
D:5:      layout_basic, minmay_fractal_squares_diagonal_5, uniq_grinder
D:7:      nzn_winding_woodlands_stair_cross [nzn_winding_woodlands_5x15_parted,
          nzn_winding_woodlands_center_garden,
          nzn_winding_woodlands_5x15_sawtooth,
          nzn_winding_woodlands_5x5_closed_star,
          nzn_winding_woodlands_5x5_default, nzn_winding_woodlands_5x15_cabin,
          nzn_winding_woodlands_center_diamonds,
          nzn_winding_woodlands_5x15_crooked], layout_basic,
          nzn_hepliaklqana_mist_gate, serial_bayou, serial_bayou_crossing,
          serial_bayou_lagoon_a, serial_bayou_pond_d, serial_bayou_ford_a,
          serial_bayou_shore_b, serial_shops, shop_coins, elyvilon_altar_1
D:8:      minmay_goldmine, layout_loops_cross, kennysheep_another_room,
          minmay_holes, okawaru_ov_weapons_minmay
Temple:   compressed_dpeg_triangle_lava_temple

Skill      XL: |  1  2  3  4  5  6  7  8 |
---------------+-------------------------+-----
Unarmed Combat | 1 2 3 5 6 7 |  7.0
Throwing       | 2 |  2.2
Dodging        | 2 3 |  3.8
Hexes          | 3 |  3.7
Fighting       | |  0.7
Stealth        | |  0.1
Spellcasting   | |  1.0
Ice Magic      | |  0.5

Action                   |  1- 3 |  4- 6 |  7- 9 || total
-------------------------+-------+-------+-------++-------
Melee: Unarmed           |    98 |   134 |   104 ||   336
       Punch             |       |     1 |       ||     1
Throw: Large rock        |     4 |       |       ||     4
       Throwing net      |     1 |       |       ||     1
 Cast: Corona            |     7 |    19 |     5 ||    31
       Slow              |       |     1 |     1 ||     2
       Ensorcelled Hiber |       |       |     2 ||     2
Invok: Stomp             |       |       |     1 ||     1
  Use: Scroll            |     3 |       |     2 ||     5
       Potion            |       |       |     1 ||     1
 Stab: Sleeping          |     1 |       |       ||     1
       Paralysed         |       |       |     4 ||     4
Armor: Robe              |    35 |    53 |    23 ||   111
Dodge: Dodged            |    42 |    62 |    62 ||   166
